[Event "MCCT Oslo Esports Cup 2022"]
[Site "Oslo"]
[Date "2022.04.20"]
[Round "2.2"]
[White "Mamedyarov, Shakhriyar"]
[Black "Praggnanandhaa R"]
[Result "1/2-1/2"]
[ECO "D41"]
[WhiteElo "2771"]
[BlackElo "2624"]
[Annotator "TA"]
[PlyCount "77"]
[EventDate "2022.04.14"]
[EventType "tourn"]
[EventCountry "NOR"]
[SourceTitle "playchess.com"]
[Source "ChessBase"]
[SourceQuality "1"]
[TimeControl "1500+10"]

1. d4 Nf6 2. c4 e6 3. Nf3 d5 4. Nc3 c5 5. cxd5 Nxd5 6. e4 Nxc3 7. bxc3 cxd4 8. cxd4 Bb4+ 9. Bd2 Bxd2+ 10. Qxd2 O-O 11. Bc4 Nd7 12. O-O b6 13. Rfe1 Bb7 14. Rad1 Rc8 {[%emt 0:00:02] D41: Queen's Gambit Declined: Semi-Tarrasch with 5 cxd5.} 15. Bb3 Re8 16. d5 exd5 {[%emt 0:00:17] [#]} 17. e5 $146 (17. exd5 $11 Nf6 18. d6 Bxf3 19. gxf3) ({Predecessor:} 17. exd5 Nc5 18. d6 Bxf3 19. Rxe8+ Qxe8 20. gxf3 Qc6 21. Qg5 Re8 22. Kg2 Qd7 23. Bc4 {½-½ (37) Duda,J (2729)-Ding,L (2799) chess24.com INT 2021}) 17... Qc7 (17... Rc5 $15) 18. Qe3 h6 19. h3 Re7 20. Ba4 {[%emt 0:03:29] [#]} (20. Bxd5 $11 Bxd5 21. Rxd5) 20... d4 ({Black should try} 20... Nxe5 $1 $17 21. Nxe5 f6) 21. Rxd4 $11 {[%emt 0:01:35] The position is equal.} Bxf3 22. Bxd7 Rxd7 23. Rxd7 Qxd7 24. Qxf3 {[%emt 0:00:00][%mdl 4096] Endgame KQR-KQR} Rc5 25. Rd1 Qc8 (25... Qe6 {seems wilder.} 26. Rd8+ Kh7 27. Qd3+ Qg6) 26. Qe4 Rc1 27. Rxc1 Qxc1+ {[%emt 0:00:00] KQ-KQ} 28. Kh2 Qd2 29. Qa8+ Kh7 30. Qe4+ g6 31. f4 Qxa2 32. f5 {[%emt 0:00:00] Against Qe6} gxf5 33. Qxf5+ Kg8 {[%emt 0:00:01] [#] ...Qe6 is the strong threat.} 34. Qg4+ Kf8 {[%emt 0:00:01] White must now prevent ...Qe6.} 35. Qc8+ Kg7 {[%emt 0:00:03] Hoping for ...Qe6.} 36. Qg4+ Kf8 {[%emt 0:00:00] And now ...Qe6 would win.} 37. Qc8+ Ke7 {[%emt 0:00:24] White should prevent ...Qe6.} 38. Qc7+ Kf8 {[%emt 0:02:03] Strongly threatening ...Kg7.} 39. Qc8+ {[%emt 0:00:07] Weighted Error Value: White=0.12 (very precise) /Black=0.11 (very precise)} 1/2-1/2

[Event "MCCT Oslo Esports Cup 2022"]
[Site "Oslo"]
[Date "2022.04.20"]
[Round "2.2"]
[White "Van Foreest, Jorden"]
[Black "Hansen, Eric"]
[Result "1-0"]
[ECO "B41"]
[WhiteElo "2714"]
[BlackElo "2606"]
[Annotator "TA"]
[PlyCount "107"]
[EventDate "2022.04.14"]
[EventType "tourn"]
[EventCountry "NOR"]
[SourceTitle "playchess.com"]
[Source "ChessBase"]
[SourceQuality "1"]
[TimeControl "1500+10"]

1. e4 c5 2. Nf3 e6 3. d4 cxd4 4. Nxd4 a6 5. c4 Nf6 6. Nc3 Qc7 7. a3 b6 8. Be2 {[%emt 0:00:13] B41: Sicilian: Kan Variation: 5 c4.} Bb7 9. f3 d6 10. Be3 {[%emt 0:00:03] White is slightly better.} Nbd7 11. Rc1 Be7 {[%emt 0:00:15] [#]} 12. Kd2 $1 $146 {[%emt 0:00:14][%mdl 8] A top novelty.} ({Predecessor:} 12. O-O O-O 13. b4 Rac8 14. Nb3 Qb8 15. Qd2 Rfd8 16. Rfd1 Bc6 17. Qe1 h6 18. Qf2 {½-½ (69) Firouzja,A (2682)-Sevian,S (2666) Chess.com INT 2019}) 12... O-O 13. Kc2 (13. g4 $11) 13... Rfc8 ({Better is} 13... d5 $1 $15 14. cxd5 exd5) 14. Kb1 Ne5 15. g4 Qd8 (15... Nxc4 $2 16. Bxc4 Nd7 17. Bb3 $18) 16. Qf1 b5 17. cxb5 axb5 18. Bxb5 (18. Ndxb5 $11 d5 19. g5) 18... d5 $1 $17 {[%emt 0:00:03][%cal Oe7a3] White must now prevent ...Bxa3!} 19. g5 {[%emt 0:00:16] [#]} Nh5 (19... Ne8 $1 $17 {[%cal Oe7a3] Threatens to win with ...Bxa3!} 20. exd5 Bxd5) 20. exd5 $11 exd5 21. Qe2 $36 {[%emt 0:01:29][%mdl 2048] Black is under pressure.} Bxg5 22. Rhg1 Bxe3 23. Qxe3 Ng6 24. Nce2 {[%emt 0:00:01] Against Nhf4} Qh4 (24... Rc7 $14) 25. Rxc8+ $16 Rxc8 26. Rc1 Rf8 27. Rc7 (27. a4 $142) 27... Bc8 (27... Ba8 $142) 28. Qc3 {[%emt 0:00:19] &Bianco is much more active.} Qd8 (28... Bh3 $16) 29. a4 $18 Ne5 (29... Nf6 $142 30. b3 Ne5) 30. Qc5 Nf6 31. Qe7 Qxe7 32. Rxe7 Nc4 33. Rc7 g5 34. Bxc4 dxc4 35. Rxc4 Bb7 36. Rc5 h6 37. b4 Ra8 38. Nc3 g4 39. fxg4 {[%emt 0:00:05] aiming for Kb2.} Ne4 40. Nxe4 Bxe4+ {[%emt 0:00:00][%mdl 4096] Endgame KRB-KRN} 41. Kb2 Rxa4 42. Kb3 Ra1 43. Re5 Rb1+ 44. Kc3 Bg2 45. b5 Kh7 (45... Bh3 {is a better defense.} 46. Nf5 Bf1) 46. Nb3 Kg6 47. b6 f6 48. Rb5 Rh1 49. Nd4 {[%emt 0:01:21] And now Nf5 would win.} (49. b7 Bxb7 50. Rxb7 Rxh2 $11) 49... Rxh2 $2 (49... Bb7 50. Ne6 Rc1+ 51. Kd3 Rd1+ 52. Kc4 Rc1+ 53. Kd4 Rd1+ 54. Kc3 Rc1+ 55. Kd4 Rd1+ 56. Kc3 Rc1+) 50. Ne6 {[%emt 0:00:01] Threatening mate with Nf4+.} ({Weaker is} 50. b7 Bxb7 51. Rxb7 h5 $11) 50... Kf7 {[%emt 0:01:06] [#]} 51. Nf4 ({Worse is} 51. b7 Bxb7 52. Nd8+ Kg6 53. Rxb7 h5 $11) 51... Bh1 (51... Bb7 52. Rc5 Ke8) 52. b7 {[%emt 0:00:05] White is clearly winning.} Bxb7 53. Rxb7+ Kf8 54. Kd4 {[%emt 0:00:07] Weighted Error Value: White=0.18 (very precise) /Black=0.27 (precise)} 1-0

[Event "MCCT Oslo Esports Cup 2022"]
[Site "Oslo"]
[Date "2022.04.20"]
[Round "2.2"]
[White "Le, Quang Liem"]
[Black "Carlsen, Magnus"]
[Result "1/2-1/2"]
[ECO "E11"]
[WhiteElo "2709"]
[BlackElo "2864"]
[Annotator "TA"]
[PlyCount "99"]
[EventDate "2022.04.14"]
[EventType "tourn"]
[EventCountry "NOR"]
[SourceTitle "playchess.com"]
[Source "ChessBase"]
[SourceQuality "1"]
[TimeControl "1500+10"]

1. d4 d5 2. c4 e6 3. Nf3 c6 4. Bg5 Be7 5. Bxe7 Qxe7 6. e3 Nf6 7. Nc3 O-O 8. Rc1 Rd8 9. Qc2 dxc4 10. Bxc4 c5 {[%emt 0:00:01] The position is equal.} 11. O-O {[%emt 0:00:08] E11: Bogo-Indian.} cxd4 12. Nxd4 Bd7 13. Rfd1 Nc6 14. Nf3 {[%emt 0:00:10] [#]} Be8 $146 ({Predecessor:} 14... Rac8 15. a3 Be8 16. Be2 h6 17. h3 Rxd1+ 18. Rxd1 Rd8 19. Rxd8 Qxd8 20. Qd3 Qxd3 21. Bxd3 Kf8 22. Kf1 Ke7 23. Ke2 {½-½ (23) Jovanic,O (2515)-Saric,A (2530) Dublin 2019}) 15. h3 Rac8 16. a3 h6 17. Rxd8 Rxd8 18. Bd3 Qd6 19. Rd1 {[%emt 0:00:23][%cal Od3h7] [#] Threatens to win with Bh7+!} Qc7 20. Ne4 Nxe4 21. Bxe4 Rxd1+ 22. Qxd1 Ne7 23. Qc2 Qxc2 24. Bxc2 $11 {[%emt 0:00:00][%mdl 4096] Endgame KBN-KBN} Kf8 25. Kf1 Nc8 26. Ke2 Ke7 27. e4 Kd6 28. Ke3 e5 29. Nd2 f6 30. Nc4+ Kc7 31. Kd2 Bf7 32. Ne3 Nd6 33. Bd3 Kc6 34. Kc3 Be6 35. h4 g6 36. g3 g5 37. h5 a5 38. g4 b6 39. f3 b5 40. b4 a4 41. Kb2 Bc4 42. Bxc4 Nxc4+ 43. Nxc4 bxc4 {[%emt 0:00:00] KP-KP} 44. Kc2 Kb6 $1 45. Kd2 Kc6 46. Kc3 Kb5 47. Kc2 $1 Kc6 48. Kc3 Kb5 49. Kc2 {[%emt 0:00:02] [#] Kc3 would kill now.} Kc6 50. Kc3 {[%emt 0:00:01] Not much happened in this game.  Weighted Error Value: White=0.01 (flawless) /Black=0.01 (flawless)} 1/2-1/2

[Event "MCCT Oslo Esports Cup 2022"]
[Site "Oslo"]
[Date "2022.04.20"]
[Round "2.3"]
[White "Carlsen, Magnus"]
[Black "Le, Quang Liem"]
[Result "1-0"]
[ECO "E11"]
[WhiteElo "2864"]
[BlackElo "2709"]
[Annotator "TA"]
[PlyCount "67"]
[EventDate "2022.04.14"]
[EventType "tourn"]
[EventCountry "NOR"]
[SourceTitle "playchess.com"]
[Source "ChessBase"]
[SourceQuality "1"]
[TimeControl "1500+10"]

1. d4 Nf6 2. c4 e6 3. Nf3 d5 4. g3 Bb4+ 5. Bd2 a5 6. Bg2 O-O 7. a3 {[%emt 0:00:35] 7.Qc2 is the modern continuation. E11: Bogo-Indian.} Be7 8. Qc2 Nbd7 9. Bf4 {[%emt 0:00:06] The position is equal.} c6 10. O-O a4 {[%emt 0:00:41] [#]} 11. Nc3 $146 ({Predecessor:} 11. Rd1 Qa5 12. Nbd2 Nh5 13. Be3 f5 14. Nf1 Bd6 15. Bd2 Qa6 {½-½ (38) Mirzoev,A (2518)-Miroshnichenko,E (2626) Al Ain 2013}) 11... Qa5 (11... dxc4 $5 12. Rfd1 Qa5 $11) 12. e4 dxc4 13. Rad1 Re8 14. Rfe1 Nf8 15. Ne5 Qa6 16. h4 Ng6 ({Black should try} 16... b5 $11) 17. Nxg6 $14 {[%emt 0:00:53] &Bianco is much more active. The black rooks are badly placed.} hxg6 18. Bg5 Bf8 (18... Bd7 $16 {was called for.}) 19. e5 $18 Nd5 20. Ne4 (20. Qe2 $18) 20... b5 $2 {[%emt 0:00:13] [#]} (20... Qb6 $16) 21. h5 $1 gxh5 {[%emt 0:01:08] [#]} 22. Qe2 $1 g6 23. g4 h4 24. Bxh4 b4 25. Qf3 {[%emt 0:00:18] Against c3} bxa3 26. Nf6+ (26. Ng5 Qb7 27. bxa3 Bg7 $11) ({Less strong is} 26. bxa3 Qb6 $16) 26... Nxf6 27. Bxf6 axb2 $2 (27... c5) 28. Qh3 Bg7 {[%emt 0:00:02] Prevents Qh8+.} 29. Be4 {[%emt 0:00:32] Intending Kg2 and mate.} Qb5 30. g5 {[%emt 0:01:03] White mates.} Qb3 31. Qh4 Bb7 32. Kg2 c5 33. d5 exd5 {[%emt 0:02:06] [#]} 34. Rh1 $1 {[%emt 0:00:15] Weighted Error Value: White=0.05 (flawless) /Black=0.52} 1-0

[Event "MCCT Oslo Esports Cup 2022"]
[Site "Oslo"]
[Date "2022.04.20"]
[Round "2.3"]
[White "Duda, Jan-Krzysztof"]
[Black "Giri, Anish"]
[Result "1/2-1/2"]
[ECO "D85"]
[WhiteElo "2750"]
[BlackElo "2773"]
[Annotator "TA"]
[PlyCount "80"]
[EventDate "2022.04.14"]
[EventType "tourn"]
[EventCountry "NOR"]
[SourceTitle "playchess.com"]
[Source "ChessBase"]
[SourceQuality "1"]
[TimeControl "1500+10"]

1. d4 Nf6 2. Nf3 g6 3. c4 Bg7 4. Nc3 d5 5. cxd5 Nxd5 6. e4 Nxc3 7. bxc3 c5 8. Bb5+ Nc6 9. O-O O-O 10. Bxc6 bxc6 11. Qc2 $1 {[%emt 0:00:01][%mdl 4] outshines the older 11.Ba3. D85: Exchange Grünfeld: Unusual White 7th moves and lines with 7 Nf3.} cxd4 12. cxd4 Bg4 {[%emt 0:00:01] aiming for ...Bxf3.} 13. Ne5 Qxd4 14. Bb2 Qb6 15. Rab1 Bxe5 16. Bxe5 Qa5 17. Bc3 Qc5 18. Qb2 {[%emt 0:00:21] [#]} Qc4 $146 ({Predecessor:} 18... Qd6 19. Be5 Qd3 20. Bf4 f6 21. f3 Be6 22. Qb7 Kf7 23. Rfd1 Qc4 24. Bd6 Rfe8 25. Bxe7 Rab8 26. Qxa7 Ra8 27. Qb7 Rab8 28. Qa7 Ra8 29. Qb7 Rab8 30. Qa7 {½-½ (30) Andreikin,D (2729)-Fedoseev,V (2701) Chess.com INT 2022}) 19. Qa3 c5 20. Rfe1 Be6 21. Ba1 Rfd8 22. Qg3 ({Of course not} 22. Qb2 f6 23. a3 Qd3 $17) 22... f6 23. h4 Qd3 24. Qf4 Qd2 25. Qc7 Qd6 ({Don't play} 25... Qxa2 26. Qxe7 Rf8 27. Qxc5 $16) 26. Qxd6 Rxd6 27. e5 fxe5 28. Bxe5 Ra6 29. Rb7 Re8 30. Rc1 Bd5 31. Rd7 Be6 32. Rb7 Bd5 33. Rc7 Bxa2 34. R1xc5 Ra4 35. Bg3 Kf7 36. Re5 Be6 37. Rc6 {[%emt 0:00:36] The position is equal.} Bd7 38. Rc7 Be6 39. Rc6 Bd7 40. Rc7 Be6 {[%emt 0:00:00] Weighted Error Value: White=0.05 (flawless) /Black=0.05 (flawless)} 1/2-1/2

[Event "MCCT Oslo Esports Cup 2022"]
[Site "Oslo"]
[Date "2022.04.20"]
[Round "2.3"]
[White "Praggnanandhaa R"]
[Black "Mamedyarov, Shakhriyar"]
[Result "1-0"]
[ECO "D11"]
[WhiteElo "2624"]
[BlackElo "2771"]
[Annotator "TA"]
[PlyCount "61"]
[EventDate "2022.04.14"]
[EventType "tourn"]
[EventCountry "NOR"]
[SourceTitle "playchess.com"]
[Source "ChessBase"]
[SourceQuality "1"]
[TimeControl "1500+10"]

1. d4 d5 2. c4 c6 3. Nf3 Nf6 4. e3 Bg4 5. h3 Bh5 6. Nc3 e6 7. Qb3 {[%emt 0:00:01] D11: Slav Defence: 3 Nf3 sidelines and 3...Nf6 4 e3 Bg4.} Qb6 8. g4 {[%emt 0:00:01] 8.Nh4 gains popularity.} Bg6 9. Ne5 {[%emt 0:00:01] The position is equal.} Nbd7 10. Nxg6 hxg6 11. Bg2 g5 12. Qxb6 $5 {[%emt 0:02:39][%mdl 4] [#] A promising side line.} Nxb6 $146 ({Predecessor:} 12... axb6 13. cxd5 Nxd5 14. Nxd5 exd5 15. e4 dxe4 16. Bxg5 Be7 17. Bf4 Ra4 18. Be3 f5 19. gxf5 {½-½ (24) Zesiger,H (2316)-Gunkel,W (2366) ICCF email 2018}) 13. c5 Nbd7 14. b4 e5 15. O-O Be7 16. b5 O-O 17. Rb1 Bd8 18. Ne2 Re8 19. Ba3 exd4 20. Nxd4 Ne5 21. bxc6 bxc6 22. Rb7 Be7 23. Rc1 Bf8 24. Bf1 Ne4 25. Rc2 g6 26. Kg2 Nf6 {[%emt 0:01:06] [#]} (26... a5 $142) 27. Ba6 {[%emt 0:00:23] &Bianco is more active.} ({Better is} 27. Bb2 $1) 27... Rab8 (27... Rac8 $16 {is a better defense.} 28. Bb4 (28. Rxa7 $2 Ra8 $19) 28... Nfd7) 28. Rc7 $18 (28. Rxa7 $2 Ra8 29. Nxc6 (29. Rxa8 $2 Rxa8 30. Nxc6 Nxc6 $19) 29... Nxc6 30. Rxa8 Rxa8 $19) 28... Rb1 $2 (28... Red8 29. Rxc6 (29. Rxa7 $2 Ra8 $19) (29. Nxc6 Ne8 $16) 29... Ne8) 29. Nxc6 {[%emt 0:00:08] White is clearly winning.} Nc4 30. Rxc4 dxc4 31. Bxc4 {[%emt 0:00:01] Weighted Error Value: White=0.05 (flawless) /Black=0.35} 1-0

[Event "MCCT Oslo Esports Cup 2022"]
[Site "Oslo"]
[Date "2022.04.20"]
[Round "2.3"]
[White "Hansen, Eric"]
[Black "Van Foreest, Jorden"]
[Result "1-0"]
[ECO "C48"]
[WhiteElo "2606"]
[BlackElo "2714"]
[Annotator "TA"]
[PlyCount "77"]
[EventDate "2022.04.14"]
[EventType "tourn"]
[EventCountry "NOR"]
[SourceTitle "playchess.com"]
[Source "ChessBase"]
[SourceQuality "1"]
[TimeControl "1500+10"]

1. e4 e5 2. Nf3 Nc6 3. Bb5 Nf6 4. d3 Bc5 5. Bxc6 dxc6 6. Nc3 Qe7 {[%emt 0:00:20] C48: Four Knights: 4 Bb5, replies other than 4...Bb4.} 7. h3 h6 8. Be3 {[%emt 0:00:11] 8.a3 is the recent fashion.} Bd6 {[%emt 0:00:50] The position is equal.} 9. O-O c5 10. Nd2 Be6 {[%emt 0:00:11] [#]} 11. f4 $146 (11. Nc4 $14) ({Predecessor:} 11. Nc4 Bxc4 12. dxc4 Qe6 13. b3 O-O 14. Qe2 Rfd8 15. Rfd1 c6 16. Rd3 b6 17. Rad1 Bc7 {½-½ (17) Khairullin,I (2538)-Pashikian,A (2442) Belfort 2005}) 11... exf4 $1 $11 12. Bxf4 Bxf4 13. Rxf4 O-O-O 14. b3 g5 15. Rf2 g4 {[%emt 0:00:15] Prevents Qf3.} 16. Qf1 Nh5 ({Black should play} 16... Nd7 $17) 17. hxg4 $1 Ng3 18. Qe1 h5 (18... Qh4 $2 19. Rf3 $18) 19. Rf3 h4 20. Qf2 (20. Nd5 $1 $11 {keeps the balance.} Bxd5 21. exd5) 20... Qg5 (20... Bxg4 $17 21. Rxf7 Qe5) 21. Re1 Qxg4 22. Qxc5 (22. Nf1 $11 {remains equal.}) 22... h3 $1 $17 23. Nb5 c6 (23... h2+ $17 24. Kf2 h1=N+ 25. Ke3 Rd7 26. Qxa7 Qg5+ 27. Rf4 Rxd3+ 28. cxd3 Rh4) 24. Nxa7+ $40 {[%emt 0:00:19][%mdl 128] Black needs to defend precisely. Pair of Knights!} Kb8 $2 {[%emt 0:00:36][%mdl 8192] [#] White stays focused until the end.} (24... Kd7 $1 $11 {and Black is okay.} 25. Qd4+ Ke7 26. Qf6+ Kd7 27. Qd4+ Ke7 28. Qf6+ Kd7 29. Qd4+) 25. Nxc6+ $1 $18 bxc6 {[%emt 0:00:00] [#]} 26. Qe5+ $1 Kb7 27. Rxg3 {[%emt 0:00:01] Really sharp!} Qh4 28. Nf3 Qh6 29. Qg7 {[%emt 0:01:13] Inhibits Rdg8.} Qxg7 30. Rxg7 Rdg8 {[%emt 0:00:00] [#]} 31. Rxg8 Rxg8 {[%emt 0:00:00][%mdl 4096] Endgame KRB-KRN} 32. Re2 Bg4 {[%emt 0:00:01] Strongly threatening ...Bxf3.} 33. Kh2 {[%emt 0:00:32] White is clearly winning.} Rh8 34. Rf2 hxg2+ 35. Kxg2 Kb6 36. Ne5 Be6 37. Nxf7 Ra8 38. Ne5 Rxa2 39. d4 {[%emt 0:00:02] Weighted Error Value: White=0.22 (precise) /Black=0.37} 1-0

[Event "MCCT Oslo Esports Cup 2022"]
[Site "Oslo"]
[Date "2022.04.20"]
[Round "2.4"]
[White "Giri, Anish"]
[Black "Duda, Jan-Krzysztof"]
[Result "1/2-1/2"]
[ECO "D85"]
[WhiteElo "2773"]
[BlackElo "2750"]
[Annotator "TA"]
[PlyCount "68"]
[EventDate "2022.04.14"]
[EventType "tourn"]
[EventCountry "NOR"]
[SourceTitle "playchess.com"]
[Source "ChessBase"]
[SourceQuality "1"]
[TimeControl "1500+10"]

1. d4 Nf6 2. c4 g6 3. Nc3 d5 4. cxd5 Nxd5 5. e4 Nxc3 6. bxc3 Bg7 7. Be3 c5 8. Rc1 O-O 9. Nf3 Qa5 10. Qd2 cxd4 11. cxd4 Qxd2+ 12. Nxd2 e6 13. Bb5 {[%emt 0:01:17][%cal Bf1b5,Bb5a4,Ba4b3][%mdl 32] has lost popularity (13.Nb3). D85: Exchange Grünfeld: Unusual White 7th moves and lines with 7 Nf3.} a6 14. Ba4 b5 {[%emt 0:00:02] Inhibits Nc4.} 15. Bb3 a5 16. a4 ({White should play} 16. O-O $11) 16... Bd7 $15 17. axb5 Bxb5 18. Bc4 $1 {[%emt 0:00:14] [#]} Bxc4 $146 ({Predecessor:} 18... Rc8 19. Ke2 Bd7 20. Nb3 a4 21. Nc5 Be8 22. d5 Nd7 23. dxe6 Nxc5 24. Bxc5 Bb2 {0-1 (30) Brunello,S (2552)-Robson,R (2628) Las Vegas 2014}) 19. Rxc4 {[%emt 0:00:16] The position is equal.} ({Don't play} 19. Nxc4 a4 $15) 19... Nd7 20. Ke2 Rfc8 21. Ra4 Nb6 22. Ra2 Nc4 23. Rha1 Nxd2 24. Kxd2 Rd8 (24... Bf8 {seems wilder.} 25. Kd3 Bb4 26. Bd2 Bxd2 27. Rxd2 Rcb8) 25. Rxa5 (25. Ra4 {seems wilder.} f5 26. Kd3 Rab8 27. R1a2) 25... Rxa5 26. Rxa5 Bxd4 27. Bxd4 Rxd4+ $11 {[%emt 0:00:01][%mdl 4096] Endgame KR-KR} 28. Ke3 Rd8 29. h4 h5 30. g3 Kg7 31. Rb5 Rd7 32. Ra5 Rd8 33. Rb5 Rd7 34. Ra5 Rd8 {[%emt 0:00:01] Weighted Error Value: White=0.12 (very precise) /Black=0.05 (flawless)} 1/2-1/2

[Event "MCCT Oslo Esports Cup 2022"]
[Site "Oslo"]
[Date "2022.04.20"]
[Round "2.4"]
[White "Van Foreest, Jorden"]
[Black "Hansen, Eric"]
[Result "1/2-1/2"]
[ECO "B22"]
[WhiteElo "2714"]
[BlackElo "2606"]
[Annotator "TA"]
[PlyCount "93"]
[EventDate "2022.04.14"]
[EventType "tourn"]
[EventCountry "NOR"]
[SourceTitle "playchess.com"]
[Source "ChessBase"]
[SourceQuality "1"]
[TimeControl "1500+10"]

1. e4 c5 2. c3 Nf6 3. e5 Nd5 4. Nf3 e6 5. d4 cxd4 6. cxd4 b6 7. Nc3 Nxc3 8. bxc3 Qc7 9. Bb5 {[%emt 0:00:15] B22: Sicilian: 2 c3.} Bb7 10. O-O Be7 {[%emt 0:00:34] [#]} 11. Bf4 $146 {[%emt 0:01:37] The position is equal.} ({Predecessor:} 11. Qd3 Nc6 12. Re1 Na5 13. Bf4 a6 14. Ba4 Rc8 15. Qd1 h6 16. Rc1 g5 17. Be3 Nc4 18. Bb3 Qc6 19. Bxc4 {½-½ (19) Giri,A (2769)-Smirin,I (2607) Moscow 2019}) 11... O-O 12. Rc1 d6 $1 13. Re1 Nd7 14. Qe2 dxe5 (14... Rac8 {keeps more tension.} 15. c4 dxe5 16. Nxe5 Nxe5 17. Bxe5 Bd6) 15. Nxe5 Nxe5 16. Bxe5 Bd6 17. Bxd6 Qxd6 18. Ba6 Bc6 19. Qe5 Rfd8 20. Qxd6 Rxd6 21. Bc4 Rc8 22. Bb3 g5 23. Re5 h6 24. f3 Bd7 25. Ree1 b5 26. Kf2 a5 27. Ke3 Kg7 (27... a4 $17 28. Bd1 e5 29. dxe5 Rdc6) 28. a3 f5 29. Kd3 Kf6 30. Rc2 f4 31. Rb2 (31. Re5 $1 $11) 31... b4 (31... Rdc6 $15 32. Rc2 a4) 32. axb4 $11 axb4 33. c4 ({Don't blunder} 33. cxb4 $2 Bb5+ 34. Bc4 Rxc4 $19) 33... Be8 34. Rd2 {[%emt 0:00:24] [#]} ({Don't play} 34. c5 Bb5+ 35. Kc2 Rxd4 36. Rxe6+ Kf5 $17) (34. d5 $11 {remains equal.}) 34... Bg6+ (34... Rxd4+ $1 $17 35. Kxd4 Rd8+ 36. Kc5 Rxd2) 35. Ke2 Bf5 36. g4 {[%emt 0:00:37] Black must now prevent c5.} fxg3 37. hxg3 h5 {[%emt 0:00:01] Inhibits g4.} 38. c5 Ra6 39. Kf2 Ra3 40. Re3 h4 $2 (40... Rc7 $11 {and Black has nothing to worry.}) 41. g4 $18 Bg6 42. Rxe6+ Kg7 43. Re7+ $2 ({Better is} 43. Rb2 $18) 43... Kh6 $2 (43... Kf8 $1 $14 44. Re3 Re8) 44. Re3 Kg7 45. Re7+ Kh6 (45... Kf8 $5 46. Re3 Re8 $16) 46. Re3 Kg7 $1 47. Re7+ $2 {[%emt 0:00:03] Weighted Error Value: White=0.41/Black=0.38} (47. Rb2 $18) 1/2-1/2

[Event "MCCT Oslo Esports Cup 2022"]
[Site "Oslo"]
[Date "2022.04.20"]
[Round "2.4"]
[White "Le, Quang Liem"]
[Black "Carlsen, Magnus"]
[Result "1-0"]
[ECO "A43"]
[WhiteElo "2709"]
[BlackElo "2864"]
[Annotator "TA"]
[PlyCount "83"]
[EventDate "2022.04.14"]
[EventType "tourn"]
[EventCountry "NOR"]
[SourceTitle "playchess.com"]
[Source "ChessBase"]
[SourceQuality "1"]
[TimeControl "1500+10"]

1. d4 e6 2. c4 c5 3. d5 exd5 4. cxd5 d6 5. e4 g6 6. Nc3 Bg7 7. Bd3 a6 {[%emt 0:01:09] A43: Schmid Benoni.} 8. a4 Nf6 9. h3 $1 {[%emt 0:00:21] 9.h3 scores better than 9.Nge2.} Nbd7 {[%emt 0:01:04] White is slightly better.} 10. Nf3 Nh5 11. g4 Nhf6 12. Bf4 Qe7 13. O-O h5 14. g5 Nh7 {[%emt 0:00:04] [#]} 15. Kh2 $146 (15. h4 $1 $14) ({Predecessor:} 15. h4 O-O 16. Bg3 f6 17. e5 Nxe5 18. Nxe5 fxe5 19. Bxg6 Bg4 20. f3 Bh3 21. Ne4 Bxf1 22. Qxf1 {1-0 (40) Enchev,I (2491)-Vernacki,S (2348) Zagreb 2018}) 15... O-O $11 16. Rg1 (16. Qd2 $11) 16... f6 (16... Ne5 $15) 17. Nh4 $36 {[%emt 0:01:46][%mdl 2048] White fights for an advantage.} Ne5 18. Bxe5 fxe5 (18... Qxe5+ 19. Kh1 Rf7 20. Nxg6 $14) 19. Nxg6 Rxf2+ 20. Kg3 Qf7 21. Qxh5 {[%emt 0:00:10] [#]} Rf4 22. Be2 {[%emt 0:01:11] And now Raf1 would win.} Nf8 (22... Rf2 $2 {[#]} 23. Ne7+ $1 Qxe7 24. Kxf2 $18) 23. Nxf4 {[%emt 0:00:09] Chess con chili.} exf4+ 24. Kh2 {[%emt 0:00:09] g6 is the strong threat.} Ng6 25. Raf1 b5 (25... Kf8 $142 26. Bg4 Bxg4 27. Qxg4 (27. Rxg4 Ke7 $16) 27... Ke7) 26. Bg4 $2 ({Better is} 26. axb5 $18 axb5 27. Nxb5) 26... Bxg4 $1 $14 27. Qxg4 (27. Rxg4 $5 b4 28. Nd1 $16) 27... b4 28. Nd1 {[%emt 0:00:18][%cal Od1e3] Threatens to win with Ne3!} Re8 (28... Bd4 $14) 29. Qf5 Bd4 {[%emt 0:00:02] Inhibits Ne3.} 30. Rg4 (30. Rg2 $14) 30... c4 $1 $11 31. h4 {[%emt 0:00:33] aiming for h5.} Qh7 32. Kh3 (32. e5 $5 Bxe5 33. Kh3 $14) 32... Be5 $1 33. Rf2 Rf8 34. Qe6+ Kg7 35. Rc2 c3 36. bxc3 b3 37. Rb2 (37. Rf2 $5 Qh8 38. Rf1 $14 (38. Rb2 Re8 $11)) 37... Kh8 $2 (37... Rf7 $11 {and Black is okay.}) 38. Rxb3 $18 f3 39. Nf2 ({Stronger than} 39. Rb7 Qxb7 40. Qxg6 f2 41. Qh6+ Kg8 42. Qe6+ Kh8 43. Qh6+ Kg8 44. Qe6+ Kh8 45. Qh6+ $11) 39... Bf4 (39... Nf4+ $142 40. Rxf4 Bxf4) 40. c4 Bxg5 41. Qxd6 Rg8 42. Rb8 {[%emt 0:00:03] Weighted Error Value: White=0.28 (precise) /Black=0.59} 1-0